 Dungeon Crawl Stone Soup version 0.14-a0-2950-gbe29d66 (webtiles) character file.

571 Quh the Sneak (level 6, -4/28 HPs)
             Began as a Spriggan Enchanter on Mar 4, 2014.
             Slain by an ogre
             ... wielding a +0,+0 giant club
              (18 damage)
             ... on Level 4 of the Dungeon.
             The game lasted 00:33:20 (4428 turns).

Quh the Sneak (Spriggan Enchanter)                  Turns: 4428, Time: 00:33:20

HP  -4/28        AC  5     Str  6      XL: 6   Next: 58%
MP   4/18        EV 17     Int 17      God:
Gold 161         SH 10     Dex 16      Spells:  3 memorised,  6 levels left

rFire  + . .     SeeInvis +     b - +0,+2 short sword (flame)
rCold  . . .     Clarity  .     q - +2 robe {rF+}
rNeg   . . .     Conserve .     z - +0 buckler
rPois  .         rCorr    +     (helmet restricted)
rElec  .         rRot     .     (no cloak)
SustAb + .       Spirit   .     (gloves unavailable)
rMut   .         Warding  .     (boots unavailable)
Saprov . . .     Stasis   .     w - amulet of resist corrosion
MR     +....                    g - +1 ring of protection
                                p - ring of sustain abilities

@: very slightly contaminated, very quick, somewhat resistant to hostile
enchantments, very stealthy
A: unfitting armour, see invisible, herbivore 3, speed 3, slow metabolism 2
a: no special abilities


You were on level 4 of the Dungeon.
You were not hungry.

You visited 1 branch of the dungeon, and saw 4 of its levels.

You collected 161 gold pieces.

Inventory:

Hand weapons
 a - a +1,+1 dagger
 b - a +0,+2 short sword of flaming (weapon)
Missiles
 d - 12 darts (quivered)
Armour
 i - a +1 robe
 q - a +2 robe of fire resistance (worn)
 z - a +0 buckler (worn)
Magical devices
 v - a wand of polymorph (14) {unknown}
Comestibles
 k - 2 bread rations
 m - a slice of pizza
 F - a pear
Scrolls
 f - 4 scrolls of teleportation
 h - 2 scrolls of immolation {unknown}
 j - a scroll of blinking
 l - 2 scrolls of amnesia {unknown}
 n - a scroll of enchant weapon I {unknown}
 r - 2 scrolls of remove curse {unknown}
 u - a scroll of recharging {unknown}
 y - a scroll of noise {unknown}
 A - a scroll of magic mapping {unknown}
 B - a scroll of enchant armour {unknown}
 C - a scroll of fear {unknown}
 D - a scroll of identify
 E - a scroll of fog {unknown}
Jewellery
 g - a +1 ring of protection (right hand)
 p - a ring of sustain abilities (left hand)
 w - an amulet of resist corrosion (around neck)
Potions
 e - a potion of porridge
 o - 3 potions of heal wounds
 s - 2 potions of agility
 x - 3 potions of curing
Books
 c - a book of Maledictions

   Spells                             Type                      Level
   *Corona                            Hexes                        1
   Sure Blade                         Hexes/Charms                 2
   *Ensorcelled Hibernation           Hexes/Ice                    2
   Confuse                            Hexes                        3
   Enslavement                        Hexes                        4
   Invisibility                       Hexes                        6
 t - a book of Necromancy

   Spells                             Type                      Level
   Pain                               Necromancy                   1
   Animate Skeleton                   Necromancy                   1
   Lethal Infusion                    Charms/Necromancy            2
   Vampiric Draining                  Necromancy                   3
   *Regeneration                      Charms/Necromancy            3
   Animate Dead                       Necromancy                   4
   Control Undead                     Necromancy                   4


   Skills:
 * Level 4.8 Short Blades
 - Level 1.1 Throwing
 - Level 3.0 Dodging
 * Level 7.6 Stealth
 + Level 3.8 Spellcasting
 + Level 4.0 Hexes


You had 6 spell levels left.
You knew the following spells:

 Your Spells              Type           Power        Failure   Level  Hunger
a - Corona                Hex            ###....      3%          1    None
b - Ensorcelled Hibernat  Hex/Ice        ##....       17%         2    ##.....
c - Regeneration          Chrm/Necr      #.........   71%         3    ###....


Dungeon Overview and Level Annotations

Branches:
Dungeon (4/16)
 Temple: D:4-7

Altars:

Shops:
D:4 :

Annotations:
D:2 Sigmund
D:4 Natasha


Innate Abilities, Weirdness & Mutations

You are tiny and cannot use many weapons and most armour.
You have supernaturally acute eyesight.
You are a herbivore.
You cover ground extremely quickly.
You need consume almost no food.


Message History

You hit the phantom. You burn the phantom.
The phantom is heavily damaged.
The phantom closely misses you.
You closely miss the phantom.
The phantom is heavily damaged.
The phantom hits you.
The phantom blinks!
The rat twitches its whiskers.
The phantom hits you but does no damage.
You closely miss the phantom.
The phantom is heavily damaged.
The rat closely misses you. The phantom hits you.
You hit the phantom but do no damage.
The phantom is heavily damaged.
The ogre hits you but does no damage. The rat bites you. The phantom hits you.
The phantom blinks!
You block the rat's attack.
You barely miss the rat. The orc closely misses you.
The ogre hits you with a giant club!
Ouch! That really hurt!
You die...

.................................
...................l.............
................................)
.................................
.................................
.................................
.................................
.................O...............
................@rp..............
.................o...............
.................................
.................................
.................................
.................................
................................
...........>>>................#
##############################


You could see a phantom, an ogre, an orc, a giant newt (wandering) and a rat.

Vanquished Creatures
  An ogre (D:3)
  An orc wizard (D:4)
  Natasha (twice) (D:4)
  3 worker ants (D:4)
  Jessica (D:2)
  5 adders (D:3)
  2 worms (D:3)
  3 giant geckos
  An ooze (D:2)
  5 orcs
  10 bats
  5 giant cockroaches
  11 goblins
  10 hobgoblins
  9 jackals
  8 kobolds
  A quokka (D:2)
  4 giant newts
  25 rats
107 creatures vanquished.

Notes
Turn   | Place    | Note
--------------------------------------------------------------
     0 | D:1      | Quh, the Spriggan Enchanter, began the quest for the Orb.
     0 | D:1      | Reached XP level 1. HP: 9/9 MP: 4/4
   152 | D:1      | Reached XP level 2. HP: 13/13 MP: 7/7
   613 | D:1      | Reached skill level 4 in Stealth
  1065 | D:2      | Reached XP level 3. HP: 11/16 MP: 9/9
  1157 | D:2      | Learned a level 2 spell: Ensorcelled Hibernation
  1341 | D:2      | Reached skill level 5 in Stealth
  1440 | D:2      | Noticed Jessica
  1448 | D:2      | Killed Jessica
  1448 | D:2      | Reached XP level 4. HP: 21/21 MP: 12/12
  1520 | D:2      | Noticed Sigmund
  2198 | D:3      | Learned a level 3 spell: Regeneration
  2279 | D:3      | Reached skill level 6 in Stealth
  2374 | D:3      | Noticed an ogre
  2527 | D:3      | Killed an ogre
  2527 | D:3      | Reached XP level 5. HP: 24/24 MP: 4/16
  3001 | D:4      | Reached skill level 7 in Stealth
  3001 | D:4      | Reached XP level 6. HP: 28/28 MP: 18/18
  3154 | D:4      | Noticed Natasha
  3419 | D:4      | Found Skozeikes' Book Shop.
  3700 | D:4      | Killed Natasha
  4079 | D:4      | Noticed an ogre
  4099 | D:4      | Noticed Natasha
  4108 | D:4      | Killed Natasha
  4386 | D:4      | Noticed Natasha
  4428 | D:4      | Slain by an ogre

Action                   |  1- 3 |  4- 6 || total
-------------------------+-------+-------++-------
Melee: Dagger            |    42 |       ||    42
       Short sword       |    90 |   141 ||   231
 Cast: Ensorcelled Hiber |     3 |    40 ||    43
       Regeneration      |       |     1 ||     1
       Corona            |       |     1 ||     1
  Use: Scroll            |     6 |     3 ||     9
 Stab: Sleeping          |     9 |    22 ||    31
